 Dungeon Crawl Stone Soup version 0.19.0-2-gae57169 (webtiles) character file.

217 Gargoyl the Skirmisher (level 5, -11/43 HPs)
             Began as a Demonspawn Abyssal Knight on Nov 3, 2016.
             Was a Believer of Lugonu.
             Splashed by an orc's acid (13 damage)
             ... on level 4 of the Dungeon.
             The game lasted 00:07:10 (4413 turns).

Gargoyl the Skirmisher (Demonspawn Abyssal Knight)  Turns: 4413, Time: 00:07:11

Health: -11/43     AC:  9    Str: 13    XL:     5   Next: 61%
Magic:  7/7        EV:  3    Int: 13    God:    Lugonu [**....]
Gold:   102        SH:  0    Dex: 13    Spells: 0 memorised, 4 levels left

rFire  . . .     SeeInvis .     a - +1 hand axe
rCold  . . .     Gourm    .     h - +0 plate armour
rNeg   . . .     Faith    .     (no shield)
rPois  .         Spirit   .     y - +0 helmet
rElec  .         Reflect  .     (no cloak)
rCorr  .         Harm     .     (no gloves)
MR     .....                    (no boots)
Stlth  ..........               (no amulet)
                                (no ring)
                                (no ring)

@: corroded
A: rugged brown scales 1
a: Depart the Abyss, Bend Space, Renounce Religion


You were on level 4 of the Dungeon.
You worshipped Lugonu.
Lugonu was pleased with you.
You were not hungry.

You visited 1 branch of the dungeon, and saw 4 of its levels.
You visited the Abyss 1 time.

You collected 102 gold pieces.

Inventory:

Hand Weapons
 a - a +1 hand axe (weapon)
Missiles
 u - 15 javelins (quivered)
Armour
 h - a +0 plate armour (worn)
 y - a +0 helmet (worn)
Wands
 e - a wand of slowing (6/48)
 g - a wand of slowing (17/48)
Scrolls
 i - a scroll of enchant weapon {unknown}
 k - 3 scrolls of teleportation {unknown}
 l - 3 scrolls of remove curse {unknown}
 m - 2 scrolls of fear {unknown}
 n - a scroll of identify {unknown}
 o - a scroll of recharging {unknown}
 p - 2 scrolls of random uselessness {unknown}
 r - a scroll of magic mapping {unknown}
Potions
 b - 3 potions of heal wounds {unknown}
 d - a potion of flight {unknown}
 f - 3 potions of curing {unknown}
 j - a potion of haste {unknown}
 s - a potion of brilliance {unknown}
 w - a potion of cancellation {unknown}
 x - a potion of lignification {unknown}
Comestibles
 c - 3 bread rations
 q - a meat ration
 t - 4 fruits
 v - a chunk of flesh


   Skills:
 + Level 4.0 Fighting
 + Level 3.2 Axes
 * Level 3.4 Armour
 + Level 0.8 Dodging
 * Level 3.5 Invocations


You had 4 spell levels left.
You didn't know any spells.

Dungeon Overview and Level Annotations

Branches:
Dungeon (4/15)
 Temple: D:4-7

Altars:
Nemelex Xobeh
Zin

Annotations:
D:4 baghtru's ghost, amateur HOFi


Innate Abilities, Weirdness & Mutations

You are partially covered in rugged brown scales. (AC +1, +3% HP)


Message History

You start putting on your armour.
You continue putting on your helmet. x4
You finish putting on your +0 helmet.
You start resting.
An orc comes into view. It is wielding a club.
The orc shouts!
Items here: ( )) †† an uncursed dagger; an uncursed hunting sling; 13 stones; a hobgoblin corpse a goblin corpse
Items here: )) ††† a club x2; a goblin corpse x3
Your plate armour prevents you from hitting the orc.
The orc hits you but does no damage.
Your plate armour prevents you from hitting the orc.
The orc hits you but does no damage. The orc barely misses you.
You hit the orc.
The orc is lightly wounded.
The orc zaps a wand.
The bolt of acid hits you!
* * * LOW HITPOINT WARNING * * *
The acid corrodes you!
You are splashed with acid!
The acid burns!
You die...

#.# #.#
#.## #..#
##.##
#..#
......#)#
#####.#o#
# #.#@#
#.
#.#.#)##
#.
#....)# .
####..#
....#
###..#
...#
##...
#.#.


You could see an orc.

Vanquished Creatures
  A hound (D:3)
  Robin (D:4)
  4 adders
  3 gnolls
  A shadow imp (D:3)
  An ooze (D:4)
  4 dart slugs
  3 worms
  7 orcs (D:3)
  2 giant cockroaches
  13 goblins
  7 hobgoblins
  11 kobolds
  A quokka (D:4)
  A ball python (D:1)
  9 bats
  8 frilled lizards
  4 rats
81 creatures vanquished.

Vanquished Creatures (others)
  2 starspawn tentacles (Abyss:2)
2 creatures vanquished.

Grand Total: 83 creatures vanquished

Notes
Turn   | Place    | Note
-------+----------+-------------------------------------------
     0 | Abyss:1  | Gargoyl the Demonspawn Abyssal Knight began the quest for the Orb.
     0 | Abyss:1  | Reached XP level 1. HP: 18/18 MP: 2/2
    83 | Abyss:1  | Noticed a chaos spawn
   101 | Abyss:2  | Noticed a large abomination
   124 | Abyss:2  | Noticed a tentacled starspawn
   151 | Abyss:2  | Noticed a small abomination
   153 | D:1      | Escaped the Abyss
   285 | D:1      | Reached * piety under Lugonu
   465 | D:1      | Gained mutation: You are partially covered in rugged brown scales. (AC +1, +3% HP) [demonic ancestry]
   465 | D:1      | Reached XP level 2. HP: 18/24 MP: 3/3
  1230 | D:1      | Reached XP level 3. HP: 29/29 MP: 5/5
  1489 | D:2      | Found a faded altar of an unknown god.
  1792 | D:2      | Reached ** piety under Lugonu
  1969 | D:2      | Reached XP level 4. HP: 37/37 MP: 6/6
  2675 | D:3      | Found a sparkling altar of Nemelex Xobeh.
  2805 | D:3      | Found a glowing silver altar of Zin.
  2867 | D:3      | Reached XP level 5. HP: 34/43 MP: 7/7
  3239 | D:4      | Noticed baghtru's ghost (amateur HOFi)
  4239 | D:4      | Reached skill level 4 in Fighting
  4291 | D:4      | Noticed Robin
  4320 | D:4      | Killed Robin
  4413 | D:4      | HP: 2/43 [orc/wand of acid (20)]
  4413 | D:4      | Splashed by an orc's acid

Skill      XL: |  1  2  3  4  5 |
---------------+----------------+-----
Axes           | 2 3 |  3.2
Armour         | 2 3 |  3.4
Invocations    | 3 |  3.5
Fighting       | 4 |  4.0
Dodging        | |  0.8

Action                   |  1- 3 |  4- 6 || total
-------------------------+-------+-------++-------
Melee: Hand axe          |   123 |   238 ||   361
Throw: Javelin           |     1 |       ||     1
Invok: Depart the Abyss  |     1 |       ||     1
  Eat: Chunk             |     2 |     6 ||     8
       Bread ration      |       |     1 ||     1
Armor: Plate armour      |   100 |   227 ||   327
Dodge: Dodged            |    20 |    48 ||    68
